 Dungeon Crawl Stone Soup version 0.28.0-53-g5a82cb258f (webtiles) character file.

Game seed: 16033943044419559039

84212 Tirrikindir the Grappler (level 15, -5/163 HPs)
             Began as a Troll Fighter on Aug 7, 2022.
             Was the Champion of Wu Jian.
             Slain by a white ugly thing (32 damage)
             ... on level 14 of the Dungeon.
             The game lasted 01:14:27 (17746 turns).

Tirrikindir the Grappler (Troll Fighter)           Turns: 17746, Time: 01:14:27

Health: -5/163     AC: 12    Str: 30    XL:     15   Next: 34%
Magic:  23/23      EV: 15    Int:  4    God:    Wu Jian [******]
Gold:   1552       SH: 18    Dex: 19    Spells: 14/14 levels left

rFire   . . .      SeeInvis .     - Unarmed
rCold   . . .      Faith    .   b - +1 kite shield
rNeg    . . .      Spirit   .   F - +0 troll leather armour
rPois   +          Reflect  +   A - +2 hat
rElec   .          Harm     .   d - +1 cloak of Tenacity {-Tele rPois MP+9 Dex+6}
rCorr   +          Rampage  .   (gloves unavailable)
Will    +....      NoTele   +   (boots unavailable)
Stlth   +.........              G - amulet "Xamar" {Reflect rCorr SH+5}
HPRegen 1.97/turn               D - ring of flight
MPRegen 0.18/turn               L - ring of poison resistance

@: flying
A: large, unfitting armour, claws 3, regeneration 1, shaggy fur 1, tough skin 1,
robust 1, MP-powered wands
a: Renounce Religion, Wall Jump, Serpent's Lash, Heavenly Storm


You were on level 14 of the Dungeon.
You worshipped Wu Jian.
Wu Jian was exalted by your worship.
You visited 3 branches of the dungeon, and saw 22 of its levels.
You visited the Abyss 1 time.
You also visited: Sewer and Ossuary.

You collected 1552 gold pieces.

Inventory:

Hand Weapons
 M - a +8 scimitar of flaming
Missiles
 j - 25 poisoned darts (quivered)
 B - 5 throwing nets
 I - 27 large rocks
Armour
 b - a +1 kite shield (worn)
 d - the +1 cloak of Tenacity (worn) {-Tele rPois MP+9 Dex+6}
   (You acquired it on level 3 of the Dungeon)

   Dex:       It affects your dexterity (+6).
   rPois:     It protects you from poison.
   MP:        It affects your magic capacity (+9).
   -Tele:     It prevents most forms of teleportation.
 r - +0 steam dragon scales
 A - a +2 hat (worn)
 F - a +0 troll leather armour (worn)
Jewellery
 g - an amulet of the acrobat
 m - a ring of fire
 o - an amulet of guardian spirit
 t - a ring of magical power
 D - a ring of flight (left claw)
 G - the amulet "Xamar" (around neck) {Reflect rCorr SH+5}
   (You found it on level 10 of the Dungeon)

   [amulet of reflection]

   It reflects blocked missile attacks.
   rCorr:     It protects you from acid and corrosion.
   SH:        It affects your SH (+5).
 H - the amulet of Xom's Flight of Fancy {Faith Will+ Int+2}
   (You found it on level 10 of the Dungeon)

   [amulet of faith]

   It allows you to gain divine favour quickly.
   Int:       It affects your intelligence (+2).
   Will:      It increases your willpower.
 K - a ring of fire
 L - a ring of poison resistance (right claw)
Wands
 a - a wand of polymorph (23)
 k - a wand of flame (58)
 q - a wand of digging (5)
 N - a wand of iceblast (12)
 P - a wand of paralysis (9)
 T - a wand of mindburst (8)
Scrolls
 h - 5 scrolls of enchant armour
 i - 5 scrolls of amnesia
 l - 8 scrolls of teleportation
 n - 4 scrolls of summoning
 w - 5 scrolls of fog
 x - 2 scrolls of blinking
 y - 2 scrolls of magic mapping
 z - 3 scrolls of brand weapon
 E - 5 scrolls of immolation
 J - 12 scrolls of identify
 O - a scroll of fear
 R - a scroll of silence
Potions
 c - a potion of might
 e - a potion of ambrosia
 f - 20 potions of curing
 p - 5 potions of resistance
 s - 6 potions of brilliance
 u - 4 potions of cancellation
 v - 2 potions of heal wounds
 C - 2 potions of mutation
 Q - a potion of flight
 S - a potion of haste
Miscellaneous
 U - a phial of floods


   Skills:
 + Level 9.9 Fighting
 - Level 10.0 Armour
 - Level 10.0 Dodging
 - Level 10.0 Shields
 + Level 13.4 Unarmed Combat
 + Level 7.8 Evocations


You had 14 spell levels left.
You didn't know any spells.
Your spell library contained the following spells:

 Spells                   Type           Power      Damage    Failure   Level
 Slow                     Hex            0%         N/A       75%         1
 Sting                    Tmut/Pois      0%         1d3       75%         1
 Summon Small Mammal      Summ           0%         N/A       75%         1
 Blink                    Tloc           0%         N/A       87%         2
 Corpse Rot               Necr/Air       0%         N/A       87%         2
 Poisonous Vapours        Pois/Air       0%         N/A       87%         2
 Sublimation of Blood     Necr           0%         N/A       87%         2
 Call Canine Familiar     Summ           0%         N/A       98%         3
 Confusing Touch          Hex            0%         N/A       98%         3
 Frozen Ramparts          Ice            0%         1d2       98%         3
 Gell's Gravitas          Tloc           0%         N/A       98%         3
 Lesser Beckoning         Tloc           0%         N/A       98%         3
 Summon Guardian Golem    Hex/Summ       0%         N/A       98%         3
 Teleport Other           Tloc           0%         N/A       98%         3
 Tukima's Dance           Hex            0%         N/A       98%         3
 Vampiric Draining        Necr           0%         2d6       98%         3
 Anguish                  Hex/Necr       0%         N/A       100%        4
 Animate Dead             Necr           0%         N/A       100%        4
 Ice Form                 Ice/Tmut       0%         N/A       100%        4
 Olgreb's Toxic Radiance  Pois           0%         N/A       100%        4
 Petrify                  Tmut/Erth      0%         N/A       100%        4
 Summon Ice Beast         Ice/Summ       0%         N/A       100%        4
 Borgnjor's Vile Clutch   Necr/Erth      0%         N/A       100%        5
 Irradiate                Conj/Tmut      0%         3d14      100%        5
 Manifold Assault         Tloc           0%         N/A       100%        5
 Death Channel            Necr           0%         N/A       100%        6
 Enfeeble                 Hex            0%         N/A       100%        7
 Storm Form               Tmut/Air       0%         N/A       100%        7
 Chain Lightning          Conj/Air       0%         N/A       100%        9
 Fire Storm               Conj/Fire      0%         5d1       100%        9
 Shatter                  Erth           0%         3d5*      100%        9


Dungeon Overview and Level Annotations

Branches:
Dungeon (15/15)            Temple (1/1) D:4            Lair (6/6) D:10
  Swamp (0/4) Lair:3       Spider (0/4) Lair:3        Slime (0/5) Lair:6
    Orc (0/2) D:10         Vaults (0/5) D:14          Sewer (visited)
Ossuary (visited)
 Depths: D:15

Altars:
Ashenzari
Cheibriados
Dithmenos
Elyvilon
Fedhas
Gozag
Hepliaklqana
Kikubaaqudgha
Makhleb
Nemelex Xobeh
Okawaru
Qazlal
Ru
Sif Muna
Trog
Uskayaw
Vehumet
Wu Jian
Xom
Yredelemnul
Zin
The Shining One

Shops:
D:4 =   D:7 [   D:14 ?

Annotations:
Lair:5 3 runed translucent doors, Ycrus's ghost, journeyman MiFi


Innate Abilities, Weirdness & Mutations

You are too large for most types of armour.
You have claws for hands.
Your natural rate of healing is unusually fast.
You are covered in fur. (AC +1)
You have tough skin. (AC +1)
You are robust. (+10% HP)
You expend magic power (3 MP) to strengthen your wands.


Message History

You block the white ugly thing's attack.
There is a stone staircase leading up here.
The white ugly thing tentacle-slaps you but does no damage.
You fly upwards.
There is a stone staircase leading down here.
You barely miss the white ugly thing.
The white ugly thing is moderately wounded.
You block the white ugly thing's attack.
You claw the white ugly thing!
The white ugly thing is moderately wounded.
You block the white ugly thing's attack.
You scratch the white ugly thing but do no damage.
The white ugly thing is moderately wounded.
The white ugly thing barely misses you.
You closely miss the white ugly thing.
The white ugly thing is moderately wounded.
You closely miss the white ugly thing.
The white ugly thing is moderately wounded.
The white ugly thing tentacle-slaps you.
* * * LOW HITPOINT WARNING * * *
The white ugly thing freezes you!
* * * LOW HITPOINT WARNING * * *
You claw the white ugly thing!
The white ugly thing is heavily wounded.
You block the white ugly thing's attack.
You mangle the white ugly thing!!
The white ugly thing is almost dead.
You block the white ugly thing's attack.
You claw the white ugly thing!
The white ugly thing is almost dead.
You block the white ugly thing's attack.
You scratch the white ugly thing.
The white ugly thing is almost dead.
The white ugly thing closely misses you.
You barely miss the white ugly thing.
The white ugly thing is almost dead.
The white ugly thing tentacle-slaps you!
* * * LOW HITPOINT WARNING * * *
The white ugly thing freezes you!!
You die...

#...#
#.###..........#####.##.#
....# #.##........####
#..... #...# #.##....##[.#
####.# #...# #.##........#
#.# #...# #...........#
#.. #...#
#.###.#..#.####### #.#
#...#####.###.#..#.#.....#
#.#
...................#.....#
#.#
...........<..#.@#.......#
#..
................u#.#.....#
#####
#...######.#.......#.|...#
#.... #...#
#.#.###.######### #.#..
#...# #.#.###.# #.#.#
#(..# #.......########
#.#..
#...########............#
#.#..
......#.......#########.#
#.#.. #...#.#.#####.# #.#
#....


You could see a white ugly thing.

Vanquished Creatures
  A hellephant (Abyss:3)
  2 tentacled starspawn (Abyss:2)
  Gastronok (Lair:2)
  A tengu reaver (D:10)
  A blizzard demon (Abyss:2)
  A vault guard (D:14)
  A boulder beetle (D:12)
  Harold (D:8)
  3 centaur warriors
  A catoblepas (Lair:4)
  Erica (D:10)
  6 hydras
  8 death yaks
  A tengu warrior (D:10)
  7 two-headed ogres
  The ghost of COBRA the Victor of a Thousand Battles, a novice DsFi of Okawaru (D:12)
  Sonja (Lair:1)
  A glowing orange brain (Abyss:2)
  2 bog bodies (Lair:3)
  A wizard (D:14)
  3 lindwurms
  2 necromancers (D:14)
  2 large abominations
  2 deep elf pyromancers
  19 ugly things
  6 cyclopes
  18 elephants
  A torpor snail (Lair:6)
  6 black mambas
  Maggie (D:9)
  A gargoyle (D:12)
  4 rime drakes
  16 cane toads
  8 komodo dragons
  2 unseen horrors
  A harpy zombie (Abyss:3)
  An ancient zyme (Abyss:3)
  2 burning bushes (Lair:6)
  A meliai (shapeshifter) (D:10)
  Prince Ribbit (D:8)
  A hornet (D:10)
  5 trolls
  29 blink frogs
  2 polar bears (Lair:6)
  9 slime creatures
  A spriggan (D:7)
  A water elemental (D:13)
  A ynoxinul (Abyss:3)
  6 wraiths
  3 vampires
  7 wyverns
  2 shadows
  Grum (D:8)
  4 basilisks
  20 humans (D:14)
  30 yaks
  2 golden eyes (Abyss:2)
  A redback (Lair:3)
  7 vampire mosquitoes
  2 steam dragons
  2 acid dragons
  15 water moccasins
  Duvessa (D:7)
  A black bear (D:6)
  5 orc warriors
  A starcursed mass (Abyss:2)
  3 ice beasts
  2 hornet zombies
  2 necrophages
  2 sky beasts
  2 ogres (D:5)
  24 wolves
  3 small abominations
  10 centaurs
  2 kobold brigands
  A phantom (D:5)
  9 bullfrogs
  5 gnoll sergeants
  2 scorpions
  Dowan (D:7)
  A killer bee (D:10)
  7 wights
  9 howler monkeys
  A crimson imp (D:4)
  7 centaur zombies
  A quasit (Abyss:2)
  2 hounds
  13 orc priests
  A bullfrog skeleton (D:6)
  A gnoll shaman (D:8)
  An iron imp (Abyss:3)
  9 jellies
  4 iguanas
  18 orc wizards
  3 mummies (Ossuary)
  4 howler monkey zombies
  20 gnolls
  13 adders
  2 river rats (Sewer)
  2 shadow imps (D:8)
  A worm (D:5)
  A dart slug (D:1)
  58 orcs
  14 ball pythons
  6 bats
  8 endoplasms
  3 giant cockroaches
  2 goblins
  9 hobgoblins
  7 jackals (D:1)
  17 kobolds
  2 quokkas
  3 frilled lizards
  6 hobgoblin zombies (Ossuary)
  2 kobold zombies (Ossuary)
  12 rats
  A starspawn tentacle (Abyss:2)
637 creatures vanquished.

Vanquished Creatures (others)
  A wizard (D:14)
  A human (D:5)
  2 bushes (Lair:6)
  50 fungi
  65 plants
  4 starspawn tentacles (Abyss:2)
  2 withered plants (D:12)
125 creatures vanquished.

Grand Total: 762 creatures vanquished

Notes
Turn   | Place    | Note
-------+----------+-------------------------------------------
     0 | D:1      | Tirrikindir the Troll Fighter began the quest for the Orb.
     0 | D:1      | Reached XP level 1. HP: 22/22 MP: 0/0
   125 | D:1      | Reached XP level 2. HP: 26/29 MP: 1/1
   438 | D:1      | Reached XP level 3. HP: 35/36 MP: 2/2
   482 | D:1      | Found a faded altar of an unknown god.
   488 | D:1      | Prayed at the altar of an unknown god.
   488 | D:1      | Became a worshipper of the Wu Jian Council
   488 | D:1      | Reached * piety under Wu Jian
   928 | D:2      | Reached skill level 3 in Unarmed Combat
   928 | D:2      | Reached XP level 4. HP: 45/45 MP: 3/3
  1025 | D:2      | Reached ** piety under Wu Jian
  1298 | D:3      | Reached XP level 5. HP: 53/53 MP: 4/4
  1561 | D:3      | Found a broken altar of Ashenzari.
  1588 | D:3      | Identified a scroll of acquirement
  1588 | D:3      | Acquired the +1 cloak of Tenacity {-Tele rPois MP+9 Dex+6}
  1600 | D:3      | Found a shadowy altar of Dithmenos.
  1906 | D:3      | Reached skill level 4 in Unarmed Combat
  1906 | D:3      | Reached XP level 6. HP: 49/62 MP: 5/5
  2350 | D:4      | Found Muuxkoicass's One-of-a-Kind Rings.
  2364 | D:4      | Gained mutation: You are robust. (+10% HP) [potion of
                  | mutation]
  2364 | D:4      | Gained mutation: You expend magic power (3 MP) to
                  | strengthen your wands. [potion of mutation]
  2498 | D:4      | Reached skill level 1 in Armour
  2508 | D:4      | Reached *** piety under Wu Jian
  2590 | D:4      | Found a shimmering altar of Xom.
  2590 | D:4      | Found a burning altar of Makhleb.
  2752 | D:4      | Found a staircase to the Ecumenical Temple.
  3049 | D:5      | Entered Level 5 of the Dungeon
  3063 | D:5      | Found an opulent altar of Gozag.
  3077 | D:5      | Reached XP level 7. HP: 77/77 MP: 6/6
  3135 | D:5      | Found an ancient bone altar of Kikubaaqudgha.
  3197 | D:5      | Found a glowing drain.
  3212 | Sewer    | Entered a sewer
  3465 | Sewer    | Reached skill level 1 in Evocations
  3596 | D:5      | Found a hide-covered altar of Uskayaw.
  3617 | D:5      | Reached skill level 5 in Unarmed Combat
  3771 | D:5      | Found the +3 warlock's mirror {reflect}
  3801 | D:5      | Reached XP level 8. HP: 84/86 MP: 7/7
  3877 | D:5      | Reached skill level 5 in Fighting
  4369 | Temple   | Entered the Ecumenical Temple
  4533 | D:6      | Reached skill level 6 in Unarmed Combat
  4751 | D:6      | Reached **** piety under Wu Jian
  4759 | D:6      | Reached XP level 9. HP: 86/97 MP: 8/8
  4784 | D:6      | Reached skill level 7 in Unarmed Combat
  5186 | D:7      | Found a sand-covered staircase.
  5217 | Ossuary  | Entered an ossuary
  5650 | D:7      | Found an ornate altar of the Wu Jian Council.
  5687 | D:7      | Reached skill level 8 in Unarmed Combat
  6099 | D:7      | Noticed Dowan
  6127 | D:7      | Noticed Duvessa
  6132 | D:7      | Killed Duvessa
  6133 | D:7      | Found Qaevozo's Antique Armour Shoppe.
  6140 | D:7      | Killed Dowan
  6248 | D:7      | Reached skill level 5 in Dodging
  6248 | D:7      | Reached XP level 10. HP: 107/107 MP: 9/9
  6277 | D:8      | Noticed Harold
  6290 | D:8      | Killed Harold
  6291 | D:8      | Reached skill level 5 in Shields
  6291 | D:8      | Reached skill level 9 in Unarmed Combat
  6353 | D:8      | Noticed Grum
  6374 | D:8      | Killed Grum
  6407 | D:8      | Found a radiant altar of Vehumet.
  6532 | D:8      | Reached skill level 10 in Unarmed Combat
  6547 | D:8      | Reached skill level 5 in Armour
  6551 | D:8      | Reached ***** piety under Wu Jian
  6603 | D:8      | Noticed a two-headed ogre
  6604 | D:8      | Noticed a centaur warrior
  6611 | D:8      | Killed a two-headed ogre
  6625 | D:8      | Killed a centaur warrior
  6692 | D:8      | Noticed Prince Ribbit
  6803 | D:8      | Killed Prince Ribbit
  6848 | D:8      | Found a shimmering blue altar of Sif Muna.
  7005 | D:8      | Found a blossoming altar of Fedhas.
  7227 | D:9      | Reached XP level 11. HP: 111/115 MP: 10/10
  7262 | D:9      | Noticed a two-headed ogre
  7270 | D:9      | Killed a two-headed ogre
  7331 | D:9      | Noticed Maggie
  7343 | D:9      | Killed Maggie
  7493 | D:9      | Found a snail-covered altar of Cheibriados.
  7969 | D:10     | Entered Level 10 of the Dungeon
  7974 | D:10     | Noticed a tengu reaver
  7986 | D:10     | Killed a tengu reaver
  8010 | D:10     | Identified the amulet "Xamar" {Reflect rCorr SH+5}
  8022 | D:10     | Identified the amulet of Xom's Flight of Fancy {Faith Will+
                  | Int+2}
  8024 | D:10     | Identified the +3 falchion "Ulem Geik" {speed, rC+ Str+3}
  8033 | D:10     | Noticed a two-headed ogre
  8061 | D:9      | Killed a two-headed ogre
  8142 | D:10     | Noticed a two-headed ogre
  8144 | D:10     | Noticed a tengu warrior
  8154 | D:10     | Killed a two-headed ogre
  8162 | D:10     | Killed a tengu warrior
  8270 | D:10     | Reached XP level 12. HP: 126/126 MP: 11/11
  8381 | D:10     | Found a staircase to the Lair.
  8411 | D:10     | Found a white marble altar of Elyvilon.
  8416 | D:10     | Noticed Erica
  8444 | D:10     | Killed Erica
  8610 | D:10     | Found a staircase to the Orcish Mines.
  8649 | D:10     | Reached ****** piety under Wu Jian
  9176 | D:11     | Reached skill level 11 in Unarmed Combat
  9374 | D:11     | Noticed a two-headed ogre
  9382 | D:11     | Killed a two-headed ogre
  9811 | D:11     | Noticed a seven-headed hydra
  9819 | D:11     | Killed a seven-headed hydra
 10129 | D:12     | Found a runed translucent door.
 10130 | D:12     | Noticed COBRA's ghost (novice DsFi)
 10155 | D:12     | Killed COBRA's ghost
 10283 | D:12     | Noticed a boulder beetle
 10296 | D:12     | Killed a boulder beetle
 10297 | D:12     | Reached skill level 5 in Evocations
 10408 | D:12     | Noticed a two-headed ogre
 10414 | D:12     | Killed a two-headed ogre
 10453 | D:12     | Noticed a two-headed ogre
 10455 | D:12     | Reached XP level 13. HP: 131/136 MP: 12/12
 10675 | Lair:1   | Entered Level 1 of the Lair of Beasts
 10844 | Lair:1   | Noticed Sonja
 10882 | Lair:1   | Killed Sonja
 11299 | Lair:2   | Noticed Gastronok
 11312 | Lair:2   | Killed Gastronok
 12721 | Lair:3   | Found a staircase to the Swamp.
 12926 | Lair:2   | Identified the +4 ring mail "Qesechie" {Dex+3}
 12958 | Lair:3   | Found a hole to the Spider Nest.
 12959 | Lair:3   | You fall into a shaft and drop 3 floors!
 12959 | Lair:6   | Entered Level 6 of the Lair of Beasts
 13232 | Lair:6   | Reached XP level 14. HP: 58/149 MP: 13/13
 13476 | Lair:5   | Reached skill level 12 in Unarmed Combat
 14670 | Lair:4   | Reached skill level 10 in Armour
 14670 | Lair:4   | Reached skill level 10 in Dodging
 14670 | Lair:4   | Reached skill level 10 in Shields
 15163 | Lair:5   | Found a runed translucent gate.
 15163 | Lair:5   | Found a runed translucent gate.
 15163 | Lair:5   | Found a runed translucent gate.
 15164 | Lair:5   | Noticed Ycrus's ghost (journeyman MiFi)
 15479 | Lair:5   | Identified the +1 spear of Termination {holy, *Rage +Blink
                  | Dex+5 Stlth+}
 16489 | D:14     | Found Nuuziorgh's Magic Scroll Boutique.
 16593 | D:14     | Reached XP level 15. HP: 160/160 MP: 14/14
 16742 | D:14     | Reached skill level 13 in Unarmed Combat
 16816 | D:14     | Found a gate to the Vaults.
 16846 | D:14     | Cast into level 2 of the Abyss (a wizard)
 16892 | Abyss:2  | Noticed a tentacled starspawn
 16905 | Abyss:2  | Killed a tentacled starspawn
 16935 | Abyss:2  | Noticed a tentacled starspawn
 16958 | Abyss:2  | Killed a tentacled starspawn
 17102 | Abyss:3  | Noticed a hellephant
 17133 | Abyss:3  | Killed a hellephant
 17170 | D:14     | Escaped the Abyss
 17632 | D:15     | Entered Level 15 of the Dungeon
 17746 | D:14     | Slain by a white ugly thing

Illustrated notes

Levels and vault maps discovered:
D:1:      minmay_arrival_four_houses, layout_basic, serial_aquarium,
          aquarium_bridge_square [aquarium_subvault_balcony,
          aquarium_subvault_bridge, aquarium_subvault_bridge,
          aquarium_subvault_bridge], aquarium_window_2, aquarium_window_fake,
          aquarium_window_corridor_3, aquarium_view_2e, aquarium_pool_2,
          basic_ecumenical_altar, supply_closet_lemuel, hangedman_decor_points,
          minivault_11
D:2:      layout_rooms, minmay_quadrilaterals
D:3:      layout_basic, ashenzari_conservatory_becter,
          mainiacjoe_overflow_cross_hatched, minmay_stone_trees_small
D:4:      layout_gridville, grunt_temple_overflow_champion_of_chaos,
          minmay_temple_entry_from_below_a, nicolae_shop_unique_rings
D:5:      layout_loops_corners, lemuel_round_altar,
          mainiacjoe_overflow_six_doors_small, tgw_kikubaaqudgha,
          cheibrodos_sewer_entry_bend, minmay_checkerbox
D:6:      layout_rooms, serial_rivers, chequers_serial_rivers_small_b,
          chequers_serial_rivers_micro_c, chequers_serial_rivers_large_a,
          chequers_serial_rivers_small_b
D:7:      layout_loops_ring, mainiacjoe_overflow_chevrons, serial_shops,
          nicolae_shop_stone, nicolae_ossuary_entry_plus, the_hattery,
          uniq_duvessa
D:8:      wad_guarded_room, layout_loops_ring, fedhas_altar_1,
          mainiacjoe_overflow_24_doors, nicolae_vehumet_radiance, uniq_grum,
          uniq_harold, uniq_prince_ribbit1
D:9:      layout_gridville, mainiacjoe_overflow_brackets, uniq_maggie
D:10:     minmay_the_grid_3x2 [minmay_the_grid_tiny_cups, minmay_the_grid_slots,
          minmay_the_grid_all_tris, minmay_the_grid_minigrid_large,
          minmay_the_grid_aliased_spiral, minmay_the_grid_prize_diamond_cup],
          layout_irregular_city, elyvilon_altar_5, minmay_lair_entry_grove,
          hiddenorc2_lemuel, hangedman_decor_peaks_small, uniq_erica
D:11:     layout_stronghold, chequers_serial_rivers_marsh
D:12:     layout_gridville, gammafunk_ghost_grave
D:13:     layout_basic
D:14:     layout_loops_cross, grunt_vaults_entry_tiered, serial_shops, shop
D:15:     hangedman_depths_entry_try_elsewhere_first, layout_stronghold,
          gammafunk_ghost_mausoleum, kiku_gazebo_garden_becter,
          nicolae_concentric_dashed_squares_wild, grunt_ministairs_6
Temple:   compressed_dpeg_triangle_lava_temple
Lair:1:   layout_cave_shapes, serial_bayou_shore_a, uniq_sonja
Lair:2:   layout_cellular_growth, minmay_holes, nzn_random_ring, uniq_gastronok
Lair:3:   layout_cave_pods, skrybe_swamp_entry_bodies, spider_nest_entry_rubble,
          nicolae_lair_lindhole
Lair:4:   layout_hall_layers, hangedman_lair_generics_rect, lemuel_fruit_fields,
          grunt_megastairs_1
Lair:5:   layout_hall_layers, gammafunk_ghost_hydra_chop, grunt_megastairs_2
Lair:6:   grunt_lair_end_beastmaster, layout_cave_pods,
          nicolae_slime_entry_slimehenge, evilmike_ambush
          [evilmike_ambush_outer_basic, evilmike_ambush_inner_basic]

Skill      XL: |  1  2  3  4  5  6  7  8  9 10 11 12 13 14 15 |
---------------+----------------------------------------------+-----
Fighting       | 3 4 6 7 8 9 |  9.9
Unarmed Combat | 3 4 5 6 8 10 11 12 13 | 13.4
Dodging        | 3 4 5 6 8 9 10 | 10.0
Shields        | 3 4 5 6 8 9 10 | 10.0
Armour         | 1 2 3 5 6 8 9 10 | 10.0
Evocations     | 1 2 3 4 5 7 |  7.8

Action                   |  1- 3 |  4- 6 |  7- 9 | 10-12 | 13-15 || total
-------------------------+-------+-------+-------+-------+-------++-------
Melee: Unarmed           |   110 |   185 |   374 |   647 |  1216 ||  2532
       Flail             |       |       |       |     3 |       ||     3
       Scimitar          |       |       |       |       |    26 ||    26
Throw: Dart              |       |       |     3 |    21 |    12 ||    36
Invok: Whirlwind         |    19 |    50 |    18 |    10 |    66 ||   163
       Lunge             |     3 |    13 |    22 |    32 |    34 ||   104
Evoke: Wand              |       |       |       |     7 |     7 ||    14
  Use: Scroll            |     2 |     8 |     8 |     8 |     5 ||    31
       Potion            |       |     4 |     4 |     3 |     6 ||    17
 Stab: Sleeping          |       |     6 |     6 |       |     1 ||    13
Armor: Robe              |    38 |    57 |    68 |       |       ||   163
       Steam dragon scal |       |       |    25 |    69 |       ||    94
       Troll leather arm |       |       |       |    89 |   271 ||   360
Dodge: Dodged            |    50 |    42 |   113 |   184 |   428 ||   817
Block: Kite shield       |    45 |    60 |   135 |   380 |   965 ||  1585
       Reflection        |       |       |       |    12 |    16 ||    28
